 Dungeon Crawl Stone Soup version 0.20-a0-449-g96be121 (webtiles) character file.

41 Amnesiac the Magician (level 3, -1/24 HPs)
             Began as a Mummy Enchanter on Jan 7, 2017.
             Slain by a goblin
             ... wielding a +0 club
              (4 damage)
             ... on level 3 of the Dungeon.
             The game lasted 00:04:11 (1631 turns).

Amnesiac the Magician (Mummy Enchanter)             Turns: 1631, Time: 00:04:12

Health: -1/24      AC:  2    Str: 11    XL:     3   Next: 32%
Magic:  0/7        EV: 12    Int: 14    God:
Gold:   41         SH:  0    Dex: 13    Spells: 5/8 levels left

rFire  x . .     SeeInvis .     d - -1 dagger (curse)
rCold  + . .     Gourm    .     b - +0 robe
rNeg   + + +     Faith    .     (no shield)
rPois  ∞         Spirit   .     (no helmet)
rElec  .         Reflect  .     (no cloak)
rCorr  .         Harm     .     (no gloves)
MR     .....                    (no boots)
Stlth  ++........               (no amulet)
                                (no ring)
                                (no ring)

@: very slightly contaminated
A: no food or potions, fire vulnerability, cold resistance 1, negative energy
resistance 3, torment resistance, unbreathing
a: no special abilities


You were on level 3 of the Dungeon.
You were not hungry.

You visited 1 branch of the dungeon, and saw 3 of its levels.

You collected 41 gold pieces.

Inventory:

Hand Weapons
 a - a +1 dagger
 d - a cursed -1 dagger (weapon)
 g - a +0 blowgun
Missiles
 h - 8 poisoned needles
Armour
 b - a +0 robe (worn)
Scrolls
 e - a scroll of teleportation
 f - a scroll of fog {unknown}
Books
 c - a book of Maledictions

   Spells                             Type                      Level
   a - Corona                         Hexes                        1
   b - Ensorcelled Hibernation        Hexes/Ice                    2
   c - Confuse                        Hexes                        3
   d - Tukima's Dance                 Hexes                        3
   e - Dazzling Spray                 Conjuration/Hexes            3


   Skills:
 - Level 1.0 Short Blades
 - Level 1.5 Dodging
 * Level 3.1 Stealth
 + Level 3.1 Spellcasting
 * Level 3.1 Hexes


You had 5 spell levels left.
You knew the following spells:

 Your Spells              Type           Power        Failure   Level  Hunger
f - Corona                Hex            ##.....      10%         1    N/A
z - Ensorcelled Hibernat  Hex/Ice        #.....       21%         2    N/A

Dungeon Overview and Level Annotations

Branches:
Dungeon (3/15)

Altars:
Cheibriados
Fedhas
Hepliaklqana
Kikubaaqudgha
Ru
Xom
Yredelemnul
The Shining One


Innate Abilities, Weirdness & Mutations

You do not eat or drink.
Your flesh is vulnerable to fire.
You are immune to poison.
Your flesh is cold resistant. (rC+)
You are immune to negative energy. (rN+++)
You are immune to unholy pain and torment.
You can survive without breathing.


Message History

Aiming: Ensorcelled Hibernation
Press: ? - help, Shift-Dir - straight line, f/p - goblin
Aim: a goblin, wielding a club (heavily wounded, chance to defeat MR: 55%)
The goblin looks drowsy...
The goblin shouts!
Found a meat ration.
You barely miss the goblin.
The goblin is heavily wounded.
The goblin hits you with a club.
* * * LOW HITPOINT WARNING * * *
You see here a poisoned needle.
Casting: Ensorcelled Hibernation
Confirm with . or Enter, or press ? or * to list all spells.
Aiming: Ensorcelled Hibernation
Press: ? - help, Shift-Dir - straight line, f/p - goblin
Aim: a goblin, wielding a club (moderately wounded, chance to defeat MR: 55%)
You miscast Ensorcelled Hibernation.
You hear a crackling sound.
The goblin hits you with a club.
You die...

.######..........###.#
......#..............#
......(..............#
.w###(#......!.......# ..
..###.#..............##..
....(.w.................
.###############......# .
#g...).# . #@.....##. .
###<....... . #††...####.
. #.##..# #.....##..#
#.######..# #..# #..#
...#


You could see a goblin.

Vanquished Creatures
  An adder (D:2)
  2 dart slugs (D:2)
  2 leopard geckos
  3 bats
  5 goblins (D:1)
  2 hobgoblins (D:1)
  4 kobolds
  A frilled lizard (D:1)
  6 rats
26 creatures vanquished.

Notes
Turn   | Place    | Note
-------+----------+-------------------------------------------
     0 | D:1      | Amnesiac the Mummy Enchanter began the quest for the Orb.
     0 | D:1      | Reached XP level 1. HP: 13/13 MP: 4/4
   394 | D:1      | Reached XP level 2. HP: 15/19 MP: 6/6
   402 | D:1      | Reached skill level 1 in Short Blades
   566 | D:1      | Found a glowing golden altar of the Shining One.
   841 | D:1      | Learned a level 2 spell: Ensorcelled Hibernation
  1092 | D:2      | Reached XP level 3. HP: 24/24 MP: 2/7
  1245 | D:2      | Found a snail-covered altar of Cheibriados.
  1248 | D:2      | Found a sacrificial altar of Ru.
  1250 | D:2      | Found a shimmering altar of Xom.
  1251 | D:2      | Found a hazy altar of Hepliaklqana.
  1251 | D:2      | Found a blossoming altar of Fedhas.
  1252 | D:2      | Found an ancient bone altar of Kikubaaqudgha.
  1253 | D:2      | Found a basalt altar of Yredelemnul.
  1631 | D:3      | Slain by a goblin

Vault maps used:
D:1:      lightli_arrival_quake, tso_metal_star
D:2:      grunt_temple_overflow_open, grunt_decor_mini_mirrors,
          dk_noncrumbling_2, grunt_decor_resistance,
          corexii_item_surrounded_by_moat, cheibriados_altar_1
D:3:      supply_closet_lemuel

Skill      XL: |  1  2 |
---------------+-------+-----
Hexes          | 3 |  3.1
Spellcasting   | 3 |  3.1
Short Blades   | 1 |  1.0
Stealth        | 3 |  3.1
Dodging        | |  1.5

Action                   || total
-------------------------++-------
Melee: Dagger            ||   100
 Cast: Corona            ||    16
       Ensorcelled Hiber ||    15
  Use: Scroll            ||     2
 Stab: Sleeping          ||    10
Armor: Robe              ||    32
Dodge: Dodged            ||    74
